 Dungeon Crawl Stone Soup version 0.20.0-8-g6b59dc7 (webtiles) character file.

172 MTVSty1e the Insei (level 5, 0/41 HPs)
             Began as a Draconian Transmuter on May 30, 2017.
             Slain by an orc wizard
             ... wielding a +2 dagger of venom
              (5 damage)
             ... on level 3 of the Dungeon.
             The game lasted 00:10:11 (2669 turns).

MTVSty1e the Insei (Draconian Transmuter)           Turns: 2669, Time: 00:10:13

Health: 0/41       AC:  2    Str: 12    XL:     5   Next: 27%
Magic:  3/9        EV: 21    Int: 14    God:
Gold:   177        SH:  0    Dex: 22    Spells: 5/9 levels left

rFire    . . .     SeeInvis .     - Unarmed
rCold    . . .     Gourm    .   (shield currently unavailable)
rNeg     . . .     Faith    .   (armour unavailable)
rPois    x         Spirit   .   (helmet currently unavailable)
rElec    .         Reflect  .   (cloak currently unavailable)
rCorr    .         Harm     .   (gloves currently unavailable)
MR       .....                  (boots currently unavailable)
Stlth    +.........             (no amulet)
Regen    0.2/turn               e - ring of loudness (curse)
MPRegen  0.2/turn               f - +5 ring of dexterity

@: lethally poisoned (0 -> -6), spider-form
A: unfitting armour, AC +5
a: End Transformation


You were on level 3 of the Dungeon.
You were not hungry.
You were a venomous arachnid creature.
You visited 1 branch of the dungeon, and saw 3 of its levels.

You collected 177 gold pieces.

Inventory:

Missiles
 a - 30 arrows
Armour
 c - a cursed -2 cloak (melded)
Jewellery
 e - a cursed ring of loudness (left front leg)
 f - a +5 ring of dexterity (right front leg)
 i - a +1 ring of slaying {unknown}
Scrolls
 h - 2 scrolls of teleportation
 n - a scroll of identify
 o - a scroll of amnesia
Potions
 g - a potion of degeneration {unknown}
 j - a potion of brilliance {unknown}
 m - 2 potions of curing {unknown}
Books
 b - a book of Changes

   Spells                             Type                      Level
   a - Beastly Appendage              Transmutation                1
   b - Sticks to Snakes               Transmutation                2
   c - Spider Form                    Transmutation/Poison         3
   d - Ice Form                       Ice/Transmutation            4
   e - Blade Hands                    Transmutation                5
 k - a book of Misfortune

   Spells                             Type                      Level
   a - Confusing Touch                Hexes                        1
   b - Confuse                        Hexes                        3
   c - Gell's Gravitas                Translocation                3
   d - Petrify                        Transmutation/Earth          4
   e - Metabolic Englaciation         Hexes/Ice                    5
   f - Yara's Violent Unravelling     Hexes/Transmutation          5
Comestibles
 d - 2 fruits
 l - a meat ration


   Skills:
 + Level 2.2 Fighting
 + Level 2.4 Dodging
 * Level 4.3 Unarmed Combat
 + Level 2.6 Spellcasting
 + Level 3.0 Transmutations


You had 5 spell levels left.
You knew the following spells:

 Your Spells              Type           Power        Failure   Level  Hunger
a - Beastly Appendage     Tmut           ##....       17%         1    #......
b - Spider Form           Tmut/Pois      #.........   56%         3    ###....


Dungeon Overview and Level Annotations

Branches:
Dungeon (3/15)

Altars:


Innate Abilities, Weirdness & Mutations

((Your plain brown scales are hard. (AC +5)))
You cannot fit into any form of body armour.
((You are cold-blooded and may be slowed by cold attacks.))


Message History

Casting: Spider Form
Confirm with . or Enter, or press ? or * to list all spells.
Your feet morph into talons.
You feel sick. Something hits you. The giant cockroach misses you.
The kobold hits you but does no damage.
You punch the kobold!
You kill the kobold!
You hear a splash. x2
You feel sick. The giant cockroach barely misses you.
You hear some strange, mumbled words.
A magic dart appears from out of thin air!
The magic dart hits you!
* * * LOW HITPOINT WARNING * * *
Casting: Beastly Appendage
Confirm with . or Enter, or press ? or * to list all spells.
Your talons disappear.
You turn into a venomous arachnid creature.
Your cursed -2 cloak melds into your body.
* * * LOW HITPOINT WARNING * * *
You feel sick. The giant cockroach barely misses you. Something hits you.
You die...

#........≈≈
##.......≈..
##≈...≈≈..≈..
#≈≈..≈..≈..≈.
#≈≈..≈?.≈⌠.≈.
#≈≈...≈.⌠≈..≈
#≈≈≈)))..≈..≈
#≈≈≈ss≈..≈≈.
##.≈.{≈.....
#(.≈≈...... ..
##..........
#..#####...........
...................
..##...###########
..#
................#
#..#
..[...........#.#
#..#


You could see a giant cockroach.

Vanquished Creatures
  Crazy Yiuf (D:2)
  Terence (D:2)
  4 gnolls (D:2)
  An adder (D:2)
  3 worms
  A dart slug (D:2)
  3 orcs (D:3)
  2 ball pythons
  6 bats
  5 giant cockroaches
  5 goblins
  6 hobgoblins
  3 jackals (D:1)
  9 kobolds
  2 quokkas (D:2)
  4 frilled lizards
  3 rats (D:2)
59 creatures vanquished.

Notes
Turn   | Place    | Note
-------+----------+-------------------------------------------
     0 | D:1      | MTVSty1e the Draconian Transmuter began the quest for the Orb.
     0 | D:1      | Reached XP level 1. HP: 16/16 MP: 3/3
    60 | D:1      | Reached XP level 2. HP: 10/23 MP: 3/5
   801 | D:2      | Reached XP level 3. HP: 26/28 MP: 4/6
   821 | D:2      | Noticed Terence
   841 | D:2      | Killed Terence
   987 | D:2      | Reached XP level 4. HP: 20/36 MP: 5/7
  1248 | D:2      | Learned a level 3 spell: Spider Form
  1524 | D:2      | Reached skill level 4 in Unarmed Combat
  2297 | D:2      | Found a runed door.
  2499 | D:2      | Noticed Crazy Yiuf
  2503 | D:2      | Killed Crazy Yiuf
  2503 | D:2      | Reached XP level 5. HP: 41/41 MP: 4/8
  2669 | D:3      | Slain by an orc wizard

Skill      XL: |  1  2  3  4  5 |
---------------+----------------+-----
Dodging        | 2 |  2.4
Unarmed Combat | 4 |  4.3
Fighting       | 2 |  2.2
Transmutations | 3 |  3.0
Spellcasting   | |  2.6

Action                   |  1- 3 |  4- 6 || total
-------------------------+-------+-------++-------
Melee: Unarmed           |   114 |    77 ||   191
       Headbutt          |    15 |     2 ||    17
       Tailslap          |     8 |     5 ||    13
       Kick              |     1 |       ||     1
 Cast: Beastly Appendage |    10 |     7 ||    17
       Spider Form       |       |     4 ||     4
  Use: Scroll            |     2 |     1 ||     3
  Eat: Bread ration      |       |     2 ||     2
Armor: Skin              |    36 |    27 ||    63
Dodge: Dodged            |    87 |    58 ||   145
